 Dungeon Crawl Stone Soup version 0.29.0-4-gdea44cf6ec (webtiles) character file.

Game seed: 6909829694455541680

5619 qw the Grappler (level 10, -2/100 HPs)
             Began as a Troll Cinder Acolyte on Sept 1, 2022.
             Was a High Priest of Ignis.
             Slain by a tengu warrior
             ... wielding a +3 great mace of holy wrath
              (11 damage)
             ... on level 9 of the Dungeon.
             The game lasted 00:04:06 (7168 turns).

qw the Grappler (Troll Cinder Acolyte)              Turns: 7168, Time: 00:04:06

Health: -2/100     AC: 16    Str: 27    XL:     10   Next: 45%
Magic:  0/10       EV: 15    Int:  9    God:    Ignis [*****.]
Gold:   629        SH:  8    Dex: 15    Spells: 11/11 levels left

rFire   + . .      SeeInvis .     - Unarmed
rCold   . . .      Faith    .   (no shield)
rNeg    . . .      Spirit   +   o - +0 steam dragon scales
rPois   .          Reflect  .   i - +1 hat
rElec   .          Harm     .   m - +0 cloak
rCorr   .          Rampage  .   (gloves unavailable)
Will    .....                   (boots unavailable)
Stlth   +.........              q - brooch of Shielding {Spirit SH+8}
HPRegen 1.06/turn               e - +4 ring of evasion
MPRegen 0.12/turn               j - +6 ring of dexterity

@: about to teleport, fiery-armoured
A: large, unfitting armour, claws 3, regeneration 1, shaggy fur 1, tough skin 1,
talons 1, agile 1, screaming 1
a: Renounce Religion, Fiery Armour, Foxfire Swarm, Rising Flame


You were on level 9 of the Dungeon.
You worshipped Ignis.
Ignis was extremely pleased with you.
You visited 1 branch of the dungeon, and saw 9 of its levels.

You collected 629 gold pieces.


Innate Abilities, Weirdness & Mutations

You are too large for most types of armour.
You have claws for hands.
Your natural rate of healing is unusually fast.
You are covered in fur. (AC +1)
You have tough skin. (AC +1)
You have sharp toenails.
You are agile. (Dex +4, Str/Int -1)
You occasionally shout uncontrollably at your foes.


   Skills:
 - Level 6.7 Fighting
 - Level 3.0 Throwing
 - Level 1.0 Armour
 - Level 3.1 Dodging
 + Level 12.9 Unarmed Combat
 - Level 1.0 Spellcasting
 - Level 2.1 Fire Magic


You had 11 spell levels left.
You didn't know any spells.
Your spell library contained the following spells:

 Spells                   Type           Power      Damage    Failure   Level
 Scorch                   Fire           8%         2d5       22%         2

Inventory:

Missiles
 h - 2 boomerangs (quivered)
Armour
 i - a +1 hat (worn)
 m - a +0 cloak (worn)
 o - +0 steam dragon scales (worn)
Jewellery
 d - a ring of ice
 e - a +4 ring of evasion (left claw)
 j - a +6 ring of dexterity (right claw)
 q - the brooch of Shielding (around neck) {Spirit SH+8}
   (You found it on level 6 of the Dungeon)

   [amulet of guardian spirit]

   It causes incoming damage to be divided between your reserves of health and
   magic.
   SH:        It affects your SH (+8).
Scrolls
 f - a scroll of brand weapon
 k - 2 scrolls of teleportation
 n - a scroll of identify
 s - 3 scrolls of enchant weapon
Potions
 a - 2 potions of might
 b - 3 potions of curing
 c - 2 potions of haste
 g - a potion of heal wounds
 p - a potion of mutation
 r - a potion of cancellation {unknown}
 t - a potion of lignification {unknown}

Dungeon Overview and Level Annotations

Branches:
Dungeon (9/15)             Temple (0/1) D:5            Lair (0/5) D:9
    Orc: D:9-12

Altars:

Shops:
D:7 :


Message History

You block the two-headed ogre's attack.
The tengu warrior attacks as you move away!
You block the tengu warrior's attack.
The tengu warrior completely misses you.
The tengu warrior claws you but does no damage.
You scratch the tengu warrior but do no damage.
Your kick misses the tengu warrior. You claw the tengu warrior.
The tengu warrior is lightly wounded.
You block the tengu warrior's attack.
The tengu warrior pecks you but does no damage.
The tengu warrior claws you.
7165 ||| Stepping ~*~*~tactically~*~*~ (outnumbered).
The tengu warrior attacks as you move away!
The tengu warrior hits you with a +3 great mace of holy wrath!
The tengu warrior pecks you but does no damage.
The tengu warrior claws you.
7166 ||| Stepping ~*~*~tactically~*~*~ (outnumbered).
The two-headed ogre attacks as you move away!
The two-headed ogre closely misses you. The two-headed ogre barely misses you.
The tengu warrior attacks as you move away!
The tengu warrior hits you with a +3 great mace of holy wrath!
The tengu warrior closely misses you. You block the tengu warrior's attack.
The gnoll sergeant completely misses you.
7167 ||| INVOKING Fiery Armour.
A protective cloak of flame settles atop you.
The gnoll sergeant hits you with a +0 trident.
The gnoll sergeant is burned by your cloak of flames.
The gnoll sergeant is lightly wounded.
The tengu warrior hits you with a +3 great mace of holy wrath.
The tengu warrior pecks you. The tengu warrior claws you.
The two-headed ogre hits you with a +0 giant club!
The two-headed ogre completely misses you.
7168 ||| READING 3 scrolls of teleportation.
As you read the scroll of teleportation, it crumbles to dust.
You feel strangely unstable.
The gnoll sergeant hits you with a +0 trident.
The gnoll sergeant is burned by your cloak of flames.
The gnoll sergeant is lightly wounded.
The tengu warrior hits you with a +3 great mace of holy wrath!
You die...

..[...........
....)..)....).
............#
..........).#
....).......# #
...%...>....# .#
............#######..#
...............O.....#
...............Q@....#
.###...........g.....#
. #..................#
. #..#...............#
####..).....g.......#
#..###.....#######
#...)..#.....(#
##..#.$#..#...#
....#######.....


You could see a tengu warrior, a two-headed ogre, a gnoll sergeant and a gnoll.

Vanquished Creatures
  Gastronok (D:8)
  Maggie (D:6)
  A wyvern (D:8)
  6 yaks
  An acid dragon (D:9)
  An ice beast (D:6)
  4 centaurs
  An ogre (D:4)
  A phantom (D:6)
  2 kobold brigands
  2 bullfrogs
  2 necrophages (D:5)
  A gnoll sergeant (D:9)
  2 scorpions
  20 wights
  2 electric eels (D:8)
  4 howler monkeys
  7 crimson imps (D:7)
  An orc priest (D:9)
  A gnoll bouda (D:7)
  3 jellies
  2 iguanas
  2 orc wizards
  7 adders
  13 gnolls
  A shadow imp (D:7)
  2 white imps
  An ufetubus (D:4)
  2 worms
  3 dart slugs
  14 orcs
  10 endoplasms
  2 giant cockroaches
  12 goblins
  13 hobgoblins
  6 jackals
  3 quokkas
  7 ball pythons
  8 bats
  5 frilled lizards
  24 kobolds
  5 rats
206 creatures vanquished.

Vanquished Creatures (others)
  A plant (D:5)
1 creature vanquished.

Grand Total: 207 creatures vanquished

Notes
Turn   | Place    | Note
-------+----------+-------------------------------------------
     0 | D:1      | qw the Troll Cinder Acolyte began the quest for the Orb.
     0 | D:1      | Reached XP level 1. HP: 22/22 MP: 1/1
     0 | D:1      | 0 ||| qw: Version: 0.1-a-97-g2dd2ca4
     0 | D:1      | 0 ||| qw: Game counter: 4817
     0 | D:1      | 0 ||| qw: Always use a shield: true
     0 | D:1      | 0 ||| qw: God list: Okawaru
     0 | D:1      | 0 ||| qw: Allow faded altars: false
     0 | D:1      | 0 ||| qw: Do Orc after D:15 true
     0 | D:1      | 0 ||| qw: Do second Lair branch before Depths: true
     0 | D:1      | 0 ||| qw: Lair rune preference: random
     0 | D:1      | 0 ||| qw: Plans: Normal
     0 | D:1      | 0 ||| PLANNING D:1-11
    40 | D:1      | 40 ||| Stepping ~*~*~tactically~*~*~ (outnumbered).
   116 | D:1      | Reached XP level 2. HP: 29/29 MP: 2/2
   225 | D:1      | 225 ||| Stepping ~*~*~tactically~*~*~ (hiding).
   359 | D:1      | 359 ||| Stepping ~*~*~tactically~*~*~ (stealth).
   364 | D:1      | 364 ||| Stepping ~*~*~tactically~*~*~ (stealth).
   369 | D:1      | 369 ||| Stepping ~*~*~tactically~*~*~ (stealth).
   371 | D:1      | 371 ||| Stepping ~*~*~tactically~*~*~ (stealth).
   379 | D:1      | 379 ||| Stepping ~*~*~tactically~*~*~ (stealth).
   380 | D:1      | 380 ||| Stepping ~*~*~tactically~*~*~ (stealth).
   389 | D:1      | 389 ||| Stepping ~*~*~tactically~*~*~ (stealth).
   393 | D:1      | Reached skill level 4 in Unarmed Combat
   526 | D:1      | Reached XP level 3. HP: 36/36 MP: 3/3
  1248 | D:1      | Found a faded altar of an unknown god.
  1383 | D:1      | 1383 ||| UPGRADING to +4 ring of evasion.
  1384 | D:1      | 1384 ||| READING 4 scrolls labelled YLAOMU ABBAELEU.
  1385 | D:1      | 1385 ||| READING 2 scrolls labelled HUOHAO QEOTOQIU.
  1390 | D:1      | 1390 ||| READING scroll labelled TIBOROEMUXO.
  1391 | D:1      | 1391 ||| READING scroll labelled KUIRPH PEFIMN.
  1392 | D:1      | 1392 ||| DROPPING 3 scrolls of noise.
  1393 | D:1      | 1393 ||| READING scroll of teleportation.
  1408 | D:2      | 1408 ||| Stepping ~*~*~tactically~*~*~ (outnumbered).
  1409 | D:2      | 1409 ||| Stepping ~*~*~tactically~*~*~ (outnumbered).
  1493 | D:2      | You fall into a shaft and drop 2 floors!
  1494 | D:4      | 1494 ||| READING scroll labelled NYAFAM BALEQE.
  1818 | D:2      | 1818 ||| Stepping ~*~*~tactically~*~*~ (stealth).
  1972 | D:2      | 1972 ||| Stepping ~*~*~tactically~*~*~ (stealth).
  1979 | D:2      | Reached XP level 4. HP: 43/44 MP: 4/4
  1990 | D:2      | Reached skill level 5 in Unarmed Combat
  2179 | D:2      | 2179 ||| Stepping ~*~*~tactically~*~*~ (stealth).
  2420 | D:2      | 2420 ||| UPGRADING to +6 ring of dexterity.
  2552 | D:3      | 2552 ||| Stepping ~*~*~tactically~*~*~ (stealth).
  2561 | D:3      | 2561 ||| Stepping ~*~*~tactically~*~*~ (stealth).
  2564 | D:3      | 2564 ||| Stepping ~*~*~tactically~*~*~ (stealth).
  2572 | D:3      | 2572 ||| Stepping ~*~*~tactically~*~*~ (hiding).
  2573 | D:3      | 2573 ||| Stepping ~*~*~tactically~*~*~ (hiding).
  2576 | D:3      | 2576 ||| Stepping ~*~*~tactically~*~*~ (hiding).
  2577 | D:3      | 2577 ||| Stepping ~*~*~tactically~*~*~ (hiding).
  2584 | D:3      | 2584 ||| INVOKING Fiery Armour.
  2586 | D:3      | Reached skill level 1 in Dodging
  2588 | D:3      | 2588 ||| Stepping ~*~*~tactically~*~*~ (stealth).
  2590 | D:3      | 2590 ||| Stepping ~*~*~tactically~*~*~ (stealth).
  2765 | D:3      | Reached XP level 5. HP: 42/50 MP: 5/5
  2880 | D:3      | 2880 ||| Stepping ~*~*~tactically~*~*~ (stealth).
  3210 | D:3      | 3210 ||| UPGRADING to +0 cloak.
  3215 | D:3      | 3215 ||| DRINKING 2 purple potions.
  3259 | D:4      | Noticed an ogre
  3268 | D:4      | Killed an ogre
  3269 | D:4      | Reached skill level 6 in Unarmed Combat
  3322 | D:4      | Reached XP level 6. HP: 59/59 MP: 6/6
  3894 | D:4      | 3894 ||| READING scroll labelled CUTUNUV MIMEKK.
  3895 | D:4      | 3895 ||| READING scroll labelled FAJ GUATACECKI.
  3909 | D:5      | Entered Level 5 of the Dungeon
  3950 | D:5      | Reached skill level 7 in Unarmed Combat
  4065 | D:5      | Reached XP level 7. HP: 63/66 MP: 7/7
  4347 | D:5      | 4347 ||| Stepping ~*~*~tactically~*~*~ (stealth).
  4353 | D:5      | 4353 ||| Stepping ~*~*~tactically~*~*~ (stealth).
  4369 | D:5      | Reached skill level 8 in Unarmed Combat
  4540 | D:5      | Found a staircase to the Ecumenical Temple.
  4586 | D:5      | 4586 ||| READING scroll labelled KUNEUCK WAOX.
  4587 | D:5      | 4587 ||| DRINKING 2 viscous amethyst potions.
  4588 | D:5      | 4588 ||| DRINKING 2 murky golden potions.
  4589 | D:5      | 4589 ||| DRINKING 2 blue potions.
  4589 | D:5      | Gained mutation: You occasionally shout uncontrollably at
                  | your foes. [potion of mutation]
  4589 | D:5      | Gained mutation: You have sharp toenails. [potion of
                  | mutation]
  4589 | D:5      | Gained mutation: You are agile. (Dex +4, Str/Int -1)
                  | [potion of mutation]
  4590 | D:5      | 4590 ||| DRINKING 4 inky potions.
  4591 | D:5      | 4591 ||| READING 2 scrolls of identify.
  4591 | D:5      | 4591 ||| IDENTIFYING bubbling ruby potion
  4592 | D:5      | 4592 ||| DROPPING potion of magic.
  4593 | D:5      | 4593 ||| DROPPING potion of degeneration.
  4594 | D:5      | 4594 ||| DROPPING 3 potions of flight.
  4646 | D:6      | Reached skill level 3 in Fighting
  4675 | D:6      | Noticed Maggie
  4676 | D:6      | 4676 ||| Stepping ~*~*~tactically~*~*~ (hiding).
  4779 | D:6      | 4779 ||| Stepping ~*~*~tactically~*~*~ (hiding).
  4880 | D:6      | 4880 ||| Stepping ~*~*~tactically~*~*~ (stealth).
  4881 | D:6      | 4881 ||| Stepping ~*~*~tactically~*~*~ (hiding).
  4889 | D:6      | Killed Maggie
  4890 | D:6      | 4890 ||| Stepping ~*~*~tactically~*~*~ (outnumbered).
  4891 | D:6      | 4891 ||| Stepping ~*~*~tactically~*~*~ (hiding).
  4893 | D:6      | 4893 ||| Stepping ~*~*~tactically~*~*~ (outnumbered).
  4896 | D:6      | Reached XP level 8. HP: 51/75 MP: 8/8
  4899 | D:6      | Reached skill level 9 in Unarmed Combat
  4901 | D:6      | Reached skill level 1 in Throwing
  4930 | D:6      | 4930 ||| Stepping ~*~*~tactically~*~*~ (stealth).
  4936 | D:6      | 4936 ||| Stepping ~*~*~tactically~*~*~ (stealth).
  5009 | D:6      | Found the brooch of Shielding {Spirit SH+8}
  5163 | D:6      | 5163 ||| UPGRADING to +0 steam dragon scales.
  5173 | D:6      | 5173 ||| DROPPING +0 robe.
  5174 | D:6      | 5174 ||| UPGRADING to brooch of Shielding {Spirit SH+8}.
  5179 | D:6      | 5179 ||| READING scroll labelled LOEGUYGG RECKO.
  5211 | D:6      | 5211 ||| DRINKING 2 metallic black potions.
  5212 | D:6      | 5212 ||| READING 2 scrolls of identify.
  5212 | D:6      | 5212 ||| IDENTIFYING fuming inky potion
  5213 | D:6      | 5213 ||| DROPPING potion of berserk rage.
  5257 | D:7      | 5257 ||| Stepping ~*~*~tactically~*~*~ (stealth).
  5260 | D:7      | 5260 ||| Stepping ~*~*~tactically~*~*~ (hiding).
  5261 | D:7      | 5261 ||| Stepping ~*~*~tactically~*~*~ (hiding).
  5262 | D:7      | 5262 ||| Stepping ~*~*~tactically~*~*~ (hiding).
  5263 | D:7      | 5263 ||| Stepping ~*~*~tactically~*~*~ (outnumbered).
  5264 | D:7      | 5264 ||| Stepping ~*~*~tactically~*~*~ (outnumbered).
  5269 | D:7      | Reached skill level 1 in Armour
  5281 | D:7      | 5281 ||| Stepping ~*~*~tactically~*~*~ (outnumbered).
  5292 | D:7      | 5292 ||| STAIRDANCE
  5300 | D:6      | Reached skill level 10 in Unarmed Combat
  5329 | D:7      | 5329 ||| STAIRDANCE
  5343 | D:7      | 5343 ||| STAIRDANCE
  5351 | D:7      | 5351 ||| STAIRDANCE
  5353 | D:6      | 5353 ||| Stepping ~*~*~tactically~*~*~ (outnumbered).
  5357 | D:6      | 5357 ||| Stepping ~*~*~tactically~*~*~ (outnumbered).
  5375 | D:7      | 5375 ||| Stepping ~*~*~tactically~*~*~ (hiding).
  5384 | D:7      | 5384 ||| Stepping ~*~*~tactically~*~*~ (outnumbered).
  5390 | D:7      | 5390 ||| Stepping ~*~*~tactically~*~*~ (outnumbered).
  5406 | D:7      | 5406 ||| FLEEEEING.
  5407 | D:7      | 5407 ||| STAIRDANCE
  5442 | D:7      | Reached XP level 9. HP: 84/84 MP: 9/9
  5455 | D:7      | 5455 ||| Stepping ~*~*~tactically~*~*~ (hiding).
  5462 | D:7      | Reached skill level 11 in Unarmed Combat
  5495 | D:7      | 5495 ||| Stepping ~*~*~tactically~*~*~ (stealth).
  5502 | D:7      | 5502 ||| Stepping ~*~*~tactically~*~*~ (stealth).
  5503 | D:7      | 5503 ||| Stepping ~*~*~tactically~*~*~ (stealth).
  5516 | D:7      | Reached skill level 3 in Dodging
  5518 | D:7      | 5518 ||| Stepping ~*~*~tactically~*~*~ (stealth).
  5519 | D:7      | 5519 ||| Stepping ~*~*~tactically~*~*~ (stealth).
  5828 | D:7      | Found Uxum's Tremendous Tomes.
  6030 | D:7      | 6030 ||| Stepping ~*~*~tactically~*~*~ (stealth).
  6031 | D:7      | 6031 ||| Stepping ~*~*~tactically~*~*~ (stealth).
  6032 | D:7      | 6032 ||| Stepping ~*~*~tactically~*~*~ (stealth).
  6033 | D:7      | 6033 ||| Stepping ~*~*~tactically~*~*~ (stealth).
  6053 | D:7      | 6053 ||| Stepping ~*~*~tactically~*~*~ (stealth).
  6055 | D:7      | 6055 ||| Stepping ~*~*~tactically~*~*~ (hiding).
  6067 | D:7      | 6067 ||| Stepping ~*~*~tactically~*~*~ (hiding).
  6170 | D:7      | 6170 ||| READING 2 scrolls labelled XOSMU VYUVETI.
  6171 | D:7      | 6171 ||| READING 2 scrolls of identify.
  6171 | D:7      | 6171 ||| IDENTIFYING silvery potion
  6172 | D:7      | 6172 ||| DROPPING potion of invisibility.
  6191 | D:8      | 6191 ||| STAIRDANCE
  6198 | D:8      | 6198 ||| STAIRDANCE
  6200 | D:7      | 6200 ||| Stepping ~*~*~tactically~*~*~ (outnumbered).
  6201 | D:7      | 6201 ||| Stepping ~*~*~tactically~*~*~ (outnumbered).
  6202 | D:7      | 6202 ||| Stepping ~*~*~tactically~*~*~ (outnumbered).
  6203 | D:7      | 6203 ||| Stepping ~*~*~tactically~*~*~ (outnumbered).
  6204 | D:7      | 6204 ||| Stepping ~*~*~tactically~*~*~ (outnumbered).
  6205 | D:7      | 6205 ||| Stepping ~*~*~tactically~*~*~ (outnumbered).
  6209 | D:7      | 6209 ||| FLEEEEING.
  6210 | D:7      | 6210 ||| FLEEEEING.
  6211 | D:7      | 6211 ||| FLEEEEING.
  6348 | D:8      | Reached skill level 12 in Unarmed Combat
  6396 | D:8      | 6396 ||| Stepping ~*~*~tactically~*~*~ (stealth).
  6405 | D:8      | 6405 ||| Stepping ~*~*~tactically~*~*~ (outnumbered).
  6406 | D:8      | 6406 ||| Stepping ~*~*~tactically~*~*~ (outnumbered).
  6407 | D:8      | 6407 ||| Stepping ~*~*~tactically~*~*~ (outnumbered).
  6408 | D:8      | 6408 ||| Stepping ~*~*~tactically~*~*~ (outnumbered).
  6409 | D:8      | 6409 ||| Stepping ~*~*~tactically~*~*~ (outnumbered).
  6410 | D:8      | 6410 ||| Stepping ~*~*~tactically~*~*~ (outnumbered).
  6411 | D:8      | 6411 ||| Stepping ~*~*~tactically~*~*~ (outnumbered).
  6412 | D:8      | 6412 ||| Stepping ~*~*~tactically~*~*~ (outnumbered).
  6413 | D:8      | 6413 ||| Stepping ~*~*~tactically~*~*~ (outnumbered).
  6414 | D:8      | 6414 ||| Stepping ~*~*~tactically~*~*~ (outnumbered).
  6415 | D:8      | 6415 ||| Stepping ~*~*~tactically~*~*~ (outnumbered).
  6418 | D:8      | 6418 ||| Stepping ~*~*~tactically~*~*~ (outnumbered).
  6419 | D:8      | 6419 ||| Stepping ~*~*~tactically~*~*~ (outnumbered).
  6420 | D:8      | 6420 ||| Stepping ~*~*~tactically~*~*~ (outnumbered).
  6421 | D:8      | 6421 ||| Stepping ~*~*~tactically~*~*~ (outnumbered).
  6422 | D:8      | 6422 ||| Stepping ~*~*~tactically~*~*~ (outnumbered).
  6507 | D:8      | Noticed Gastronok
  6508 | D:8      | 6508 ||| FLEEEEING.
  6541 | D:8      | Killed Gastronok
  6542 | D:8      | Reached skill level 6 in Fighting
  6542 | D:8      | Reached XP level 10. HP: 76/100 MP: 6/10
  6632 | D:8      | 6632 ||| Stepping ~*~*~tactically~*~*~ (stealth).
  6634 | D:8      | 6634 ||| Stepping ~*~*~tactically~*~*~ (stealth).
  6638 | D:8      | 6638 ||| Stepping ~*~*~tactically~*~*~ (stealth).
  6648 | D:8      | 6648 ||| Stepping ~*~*~tactically~*~*~ (outnumbered).
  6649 | D:8      | 6649 ||| Stepping ~*~*~tactically~*~*~ (outnumbered).
  6650 | D:8      | 6650 ||| Stepping ~*~*~tactically~*~*~ (outnumbered).
  6651 | D:8      | 6651 ||| Stepping ~*~*~tactically~*~*~ (outnumbered).
  6652 | D:8      | 6652 ||| Stepping ~*~*~tactically~*~*~ (outnumbered).
  6655 | D:8      | 6655 ||| Stepping ~*~*~tactically~*~*~ (outnumbered).
  6656 | D:8      | 6656 ||| Stepping ~*~*~tactically~*~*~ (outnumbered).
  6658 | D:8      | 6658 ||| Stepping ~*~*~tactically~*~*~ (outnumbered).
  6660 | D:8      | 6660 ||| Stepping ~*~*~tactically~*~*~ (outnumbered).
  6661 | D:8      | 6661 ||| Stepping ~*~*~tactically~*~*~ (outnumbered).
  6713 | D:8      | 6713 ||| Stepping ~*~*~tactically~*~*~ (stealth).
  6714 | D:8      | 6714 ||| Stepping ~*~*~tactically~*~*~ (stealth).
  6715 | D:8      | 6715 ||| Stepping ~*~*~tactically~*~*~ (stealth).
  6716 | D:8      | 6716 ||| Stepping ~*~*~tactically~*~*~ (stealth).
  6717 | D:8      | 6717 ||| Stepping ~*~*~tactically~*~*~ (stealth).
  6718 | D:8      | 6718 ||| Stepping ~*~*~tactically~*~*~ (stealth).
  6719 | D:8      | 6719 ||| Stepping ~*~*~tactically~*~*~ (stealth).
  6901 | D:8      | 6901 ||| UPGRADING to +1 hat.
  6906 | D:8      | 6906 ||| READING scroll labelled KOQ BEGGID.
  6922 | D:9      | Found a staircase to the Lair.
  6927 | D:9      | 6927 ||| Stepping ~*~*~tactically~*~*~ (outnumbered).
  6929 | D:9      | 6929 ||| Stepping ~*~*~tactically~*~*~ (outnumbered).
  6930 | D:9      | 6930 ||| Stepping ~*~*~tactically~*~*~ (outnumbered).
  6931 | D:9      | 6931 ||| Stepping ~*~*~tactically~*~*~ (outnumbered).
  6932 | D:9      | 6932 ||| Stepping ~*~*~tactically~*~*~ (outnumbered).
  6933 | D:9      | 6933 ||| Stepping ~*~*~tactically~*~*~ (outnumbered).
  6934 | D:9      | 6934 ||| Stepping ~*~*~tactically~*~*~ (outnumbered).
  6935 | D:9      | 6935 ||| Stepping ~*~*~tactically~*~*~ (outnumbered).
  6936 | D:9      | 6936 ||| Stepping ~*~*~tactically~*~*~ (outnumbered).
  6937 | D:9      | 6937 ||| Stepping ~*~*~tactically~*~*~ (outnumbered).
  6963 | D:9      | Reached skill level 3 in Throwing
  6968 | D:9      | 6968 ||| FLEEEEING.
  6969 | D:9      | 6969 ||| FLEEEEING.
  6970 | D:9      | 6970 ||| FLEEEEING.
  6971 | D:9      | 6971 ||| FLEEEEING.
  6972 | D:9      | 6972 ||| FLEEEEING.
  6973 | D:9      | 6973 ||| FLEEEEING.
  6974 | D:9      | 6974 ||| STAIRDANCE
  7011 | D:9      | 7011 ||| STAIRDANCE
  7019 | D:9      | 7019 ||| STAIRDANCE
  7026 | D:9      | 7026 ||| STAIRDANCE
  7081 | D:9      | 7081 ||| STAIRDANCE
  7145 | D:9      | 7145 ||| Stepping ~*~*~tactically~*~*~ (stealth).
  7148 | D:9      | 7148 ||| Stepping ~*~*~tactically~*~*~ (stealth).
  7150 | D:9      | 7150 ||| Stepping ~*~*~tactically~*~*~ (stealth).
  7150 | D:9      | Noticed a tengu warrior
  7152 | D:9      | Noticed a two-headed ogre
  7157 | D:9      | 7157 ||| Stepping ~*~*~tactically~*~*~ (outnumbered).
  7158 | D:9      | 7158 ||| Stepping ~*~*~tactically~*~*~ (outnumbered).
  7159 | D:9      | 7159 ||| Stepping ~*~*~tactically~*~*~ (outnumbered).
  7160 | D:9      | 7160 ||| Stepping ~*~*~tactically~*~*~ (outnumbered).
  7161 | D:9      | 7161 ||| Stepping ~*~*~tactically~*~*~ (outnumbered).
  7162 | D:9      | 7162 ||| Stepping ~*~*~tactically~*~*~ (outnumbered).
  7163 | D:9      | 7163 ||| Stepping ~*~*~tactically~*~*~ (outnumbered).
  7165 | D:9      | 7165 ||| Stepping ~*~*~tactically~*~*~ (outnumbered).
  7166 | D:9      | 7166 ||| Stepping ~*~*~tactically~*~*~ (outnumbered).
  7167 | D:9      | 7167 ||| INVOKING Fiery Armour.
  7167 | D:9      | HP: 23/100 [tengu warrior/+3 great mace of holy wrath (4)]
  7168 | D:9      | 7168 ||| READING 3 scrolls of teleportation.
  7168 | D:9      | HP: 9/100 [gnoll sergeant/+0 trident (5)]
  7168 | D:9      | Slain by a tengu warrior

Levels and vault maps discovered:
D:1:      erik_arrival_cave_to_civilisation [erik_arrival_cave_to_hall],
          layout_loops_cross, shapermc_ecumenical_altar_mp_ritualfount,
          chequers_big_river, grunt_decor_resistance, st_stairs_9,
          roderic_serpentine_path
D:2:      layout_basic
D:3:      layout_basic
D:4:      layout_loops_ring
D:5:      corexii_shack_village, layout_basic,
          minmay_temple_entry_drinking_statues
D:6:      layout_rooms, uniq_maggie
D:7:      layout_basic, nicolae_shop_i_like_big_books, minivault_10,
          minmay_nine_imps
D:8:      layout_cave_pools, serial_bayou_ford_a, nicolae_figureground_sparkle,
          uniq_gastronok
D:9:      hangedman_cross_cluster, layout_irregular_city,
          nicolae_overflow_crystal_walls, lair_entry_dummy, serial_shops,
          nicolae_square_shop, nicolae_shop_advertising_works
          [nicolae_subvault_shop_adworks], nicolae_shop_behind_doors

Skill      XL: |  1  2  3  4  5  6  7  8  9 10 |
---------------+-------------------------------+-----
Unarmed Combat | 4 5 6 7 8 10 12 | 12.9
Dodging        | 1 2 3 |  3.1
Fighting       | 3 4 6 |  6.7
Throwing       | 1 3 |  3.0
Armour         | 1 |  1.0
Spellcasting   | |  1.0
Fire Magic     | |  2.1

Action                   |  1- 3 |  4- 6 |  7- 9 | 10-12 || total
-------------------------+-------+-------+-------+-------++-------
Melee: Unarmed           |   115 |    78 |   193 |    74 ||   460
       Punch             |       |     4 |    13 |     4 ||    21
       Kick              |       |       |    46 |    20 ||    66
Throw: Boomerang         |    31 |    60 |    41 |    22 ||   154
       Javelin           |       |       |       |     9 ||     9
Invok: Fiery Armour      |       |     1 |       |     1 ||     2
  Use: Scroll            |     6 |     2 |     6 |     2 ||    16
       Potion            |       |     1 |     5 |       ||     6
Armor: Robe              |    20 |    15 |     7 |       ||    42
       Steam dragon scal |       |       |    25 |    18 ||    43
Dodge: Dodged            |    48 |    39 |   105 |    43 ||   235
Block: Other             |       |       |    52 |    31 ||    83

Table legend:
 A = Non-vault XP
 B = Vault XP
 C = Vault XP percentage of total XP
 D = Non-vault monster count
 E = Vault monster count
 F = Vault count percentage of total count
                 A         B        C        D         E       F
            +---------+---------+-------+---------+---------+-------
      Total |    5575 |    2453 |  30.6 |     174 |      32 |  15.5
            +---------+---------+-------+---------+---------+-------
        D:1 |      49 |       7 |  12.5 |      27 |       4 |  12.9
        D:2 |      46 |       0 |   0.0 |      27 |       0 |   0.0
        D:3 |     105 |       0 |   0.0 |      19 |       0 |   0.0
        D:4 |     241 |       0 |   0.0 |      12 |       0 |   0.0
        D:5 |     330 |      28 |   7.8 |       9 |      14 |  60.9
        D:6 |     904 |     365 |  28.8 |      16 |       1 |   5.9
        D:7 |    1283 |     365 |  22.1 |      22 |       9 |  29.0
        D:8 |    2139 |    1455 |  40.5 |      29 |       1 |   3.3
        D:9 |     478 |     233 |  32.8 |      13 |       3 |  18.8
            +---------+---------+-------+---------+---------+-------
